 Dungeon Crawl Stone Soup version 0.28-a0-233-gb8ca4b6547 (webtiles) character file.

Game seed: 10138185486161438189

394 siradein the Chopper (level 6, -5/47 HPs)
             Began as a Demonspawn Berserker on Aug 20, 2021.
             Was a Believer of Trog.
             Slain by an ogre (16 damage)
             ... on level 4 of the Dungeon on Aug 23, 2021.
             The game lasted 00:06:46 (3693 turns).

siradein the Chopper (Demonspawn Berserker)         Turns: 3693, Time: 00:06:47

Health: -5/47      AC:  6    Str: 19    XL:     6   Next: 52%
Magic:  0/6        EV: 10    Int:  8    God:    Trog [**....]
Gold:   170        SH:  0    Dex: 13    Spells: 5/5 levels left

rFire   . . .      SeeInvis .   m - +0 broad axe
rCold   . . .      Faith    .   (no shield)
rNeg    . . .      Spirit   +   f - +0 scale mail
rPois   .          Reflect  .   (no helmet)
rElec   .          Harm     .   (no cloak)
rCorr   .          Rampage  .   (no gloves)
Will    .....                   (no boots)
Stlth   ..........              i - amulet of guardian spirit
HPRegen 0.15/turn               (no ring)
MPRegen 0.10/turn               (no ring)

@: no status effects
A: claws 1, foul stench 3
a: Renounce Religion, Berserk, Trog's Hand


You were on level 4 of the Dungeon.
You worshipped Trog.
Trog was pleased with you.
You visited 1 branch of the dungeon, and saw 4 of its levels.

You collected 170 gold pieces.

Inventory:

Hand Weapons
 m - a +0 broad axe (weapon)
Armour
 f - a +0 scale mail (worn)
Jewellery
 i - an amulet of guardian spirit (around neck)
Wands
 a - a wand of digging (6)
Scrolls
 c - a scroll of magic mapping {unknown}
 d - 2 scrolls of enchant armour {unknown}
 e - 2 scrolls of fog {unknown}
 g - 4 scrolls of identify {unknown}
 h - a scroll of blinking {unknown}
 n - a scroll of fear {unknown}
Potions
 b - a potion of brilliance {unknown}
 j - a potion of heal wounds {unknown}
 k - 3 potions of curing {unknown}
 l - a potion of degeneration {unknown}


   Skills:
 - Level 3.0 Fighting
 + Level 6.8 Axes
 - Level 1.7 Armour
 - Level 1.7 Dodging


You had 5 spell levels left.
You didn't know any spells.
Your spell library was empty.

Dungeon Overview and Level Annotations

Branches:
Dungeon (4/15)
 Temple: D:4-7

Altars:
Sif Muna

Shops:
D:4 (


Innate Abilities, Weirdness & Mutations

You have sharp fingernails.
You frequently emit foul miasma when damaged in melee.


Message History

A hound skeleton is nearby!
A hound skeleton is nearby!
A hound skeleton is nearby!
You hit the hound skeleton.
The hound skeleton is moderately damaged.
The hound skeleton bites you but does no damage.
You slice the hound skeleton!!
You destroy the hound skeleton!
Trog accepts your kill.
No target in view!
No target in view!
An ogre comes into view. It is wielding a +0 giant club.
The ogre shouts!
An ogre is nearby!
An ogre is nearby!
An ogre is nearby!
An ogre is nearby!
You slice the ogre!!
The ogre is heavily wounded.
The ogre barely misses you.
You barely miss the ogre.
The ogre is heavily wounded.
The ogre hits you with a +0 giant club!!
You barely miss the ogre.
The ogre is heavily wounded.
The ogre hits you with a +0 giant club!!
You are too injured to fight recklessly!
You hit the ogre.
The ogre is severely wounded.
The ogre barely misses you.
You hit the ogre but do no damage.
The ogre is severely wounded.
The ogre hits you with a +0 giant club!
* * * LOW HITPOINT WARNING * * *
There is a large open door here.
There is a large open door here.
You barely miss the ogre.
The ogre is heavily wounded.
The ogre hits you with a +0 giant club!!
You die...

#......########
#.........
####..........#
##.........
##########.#
#....>..... #.#
#.......... #.#
#.#########
#####'######.#
#..........#.#
#..........#.#
#....@.....#.#
#....O.....#.#########
#..........#.##.......
#..).......#.##.......
#####'######.##.......
#####'######.##.......
#.......)..#..>.......
#..........####.......
#..........# #........


You could see an ogre.

Vanquished Creatures
  A bullfrog (D:3)
  Blork the orc (D:4)
  A water moccasin skeleton (D:4)
  A bullfrog skeleton (D:4)
  Jessica (D:3)
  2 iguanas (D:4)
  An orc wizard (D:3)
  A hound skeleton (D:4)
  3 adders
  2 worms (D:2)
  A dart slug (D:3)
  4 orcs (D:3)
  2 ball pythons
  5 endoplasms
  2 giant cockroaches
  4 goblins
  A hobgoblin (D:2)
  2 jackals (D:3)
  2 quokkas
  2 frilled lizards
  3 kobolds
  2 rats (D:3)
44 creatures vanquished.

Notes
Turn   | Place    | Note
-------+----------+-------------------------------------------
     0 | D:1      | siradein the Demonspawn Berserker began the quest for the
                  | Orb.
     0 | D:1      | Reached XP level 1. HP: 18/18 MP: 1/1
   185 | D:1      | Found a faded altar of an unknown god.
   190 | D:1      | Reached skill level 3 in Axes
   460 | D:1      | Gained mutation: You may rarely emit foul miasma when
                  | damaged in melee. [demonic ancestry]
   460 | D:1      | Reached XP level 2. HP: 23/24 MP: 2/2
  1740 | D:3      | Upgraded the game from 0.28-a0-206-gc2c9e32840 to
                  | 0.28-a0-233-gb8ca4b6547
  1907 | D:3      | Gained mutation: You sometimes emit foul miasma when
                  | damaged in melee. [demonic ancestry]
  1907 | D:3      | Reached XP level 3. HP: 13/29 MP: 3/3
  2143 | D:3      | Reached skill level 4 in Axes
  2256 | D:3      | Noticed a bullfrog
  2261 | D:3      | Killed a bullfrog
  2262 | D:3      | Gained mutation: You have sharp fingernails. [demonic
                  | ancestry]
  2262 | D:3      | Reached XP level 4. HP: 29/35 MP: 2/4
  2333 | D:3      | Reached skill level 5 in Axes
  2496 | D:3      | Noticed Jessica
  2504 | D:3      | Found a shimmering blue altar of Sif Muna.
  2515 | D:3      | Killed Jessica
  2516 | D:3      | Reached XP level 5. HP: 33/41 MP: 3/5
  2617 | D:3      | Reached ** piety under Trog
  2728 | D:4      | Found Omomuargh's Weapon Shoppe.
  3045 | D:4      | Reached skill level 6 in Axes
  3154 | D:4      | Gained mutation: You frequently emit foul miasma when
                  | damaged in melee. [demonic ancestry]
  3154 | D:4      | Reached XP level 6. HP: 26/47 MP: 2/6
  3497 | D:4      | Noticed Blork the orc
  3501 | D:4      | Killed Blork the orc
  3693 | D:4      | Slain by an ogre

Illustrated notes

Levels and vault maps discovered:
D:1:      lemuel_arrival_funnel, layout_loops_ring,
          shapermc_ecumenical_altar_starsandcircs
D:2:      layout_loops_ring
D:3:      layout_basic, tgw_sif
D:4:      cheibrodos_thug_alley, layout_basic, lemuel_coloured_pillars_altar,
          serial_shops, shop, uniq_blork_the_orc

Skill      XL: |  1  2  3  4  5 |
---------------+----------------+-----
Axes           | 3 4 5 6 |  6.8
Fighting       | |  3.0
Armour         | |  1.7
Dodging        | |  1.7

Action                   |  1- 3 |  4- 6 || total
-------------------------+-------+-------++-------
Melee: Hand axe          |    76 |     9 ||    85
       Broad axe         |       |    79 ||    79
Invok: Trog's Hand       |       |     1 ||     1
Armor: Animal skin       |     5 |       ||     5
       Scale mail        |    16 |    31 ||    47
Dodge: Dodged            |    37 |    51 ||    88

Table legend: (Time is in decaauts)
 A = Elapsed time spent in this place.
 B = Non-inter-level travel time spent in this place.
 C = Inter-level travel time spent in this place.
 D = Time resting spent in this place.
 E = Time spent auto-exploring this place.
 F = Levels seen in this place.
 G = Mean time per level.
                   A        B        C        D        E       F      G
               +--------+--------+--------+--------+--------+-----+--------+
         Total |   3726 |   3678 |     48 |      0 |   3239 |   4 |  931.5 |
       Dungeon |   3726 |   3678 |     48 |      0 |   3239 |   4 |  931.5 |
               +--------+--------+--------+--------+--------+-----+--------+

Top non-repeatable levels by time:
     D:3: 1000 daAuts
     D:4: 980 daAuts
     D:2: 879 daAuts
     D:1: 866 daAuts
